 Dungeon Crawl Stone Soup version 0.25-a0-429-g4e4398398a (webtiles) character file.

Game seed: 11682478044327874098, levelgen mode: deterministic

690 Defined the Conjurer (level 7, -1/51 HPs)
             Began as a Gnoll Conjurer on Jan 26, 2020.
             Slain by Duvessa
             ... wielding a +0 short sword
              (12 damage)
             ... on level 4 of the Dungeon.
             The game lasted 00:11:18 (3471 turns).

Defined the Conjurer (Gnoll Conjurer)               Turns: 3471, Time: 00:11:19

Health: -1/51      AC:  2    Str: 12 (15) XL:     7   Next: 63%
Magic:  1/15       EV: 15    Int: 18 (20) God:
Gold:   122        SH:  0    Dex: 13 (15) Spells: 6/17 levels left

rFire    + . .     SeeInvis .   o - +0 short sword (holy)
rCold    x . .     Gourm    .   (no shield)
rNeg     . . .     Faith    .   a - +0 robe
rPois    .         Spirit   .   (no helmet)
rElec    .         Reflect  .   (no cloak)
rCorr    .         Harm     .   (no gloves)
MR       .....                  (no boots)
Stlth    +++.......             (no amulet)
HPRegen  0.17/turn              n - ring of fire
MPRegen  0.14/turn              (no ring)

@: mighty, flying
A: distributed training, fangs 1, strong nose
a: no special abilities


You were on level 4 of the Dungeon.
You were not hungry.

You visited 1 branch of the dungeon, and saw 4 of its levels.

You collected 122 gold pieces.

Inventory:

Hand Weapons
 o - a +0 short sword of holy wrath (weapon)
Armour
 a - a +0 robe (worn)
Jewellery
 m - a cursed amulet of inaccuracy
 n - a ring of fire (left hand)
 p - an uncursed amulet of harm
Scrolls
 g - 3 scrolls of remove curse {unknown}
 h - a scroll of enchant armour {unknown}
 i - a scroll of teleportation {unknown}
 k - a scroll of amnesia {unknown}
Potions
 b - a potion of curing
Comestibles
 c - 4 rations
 d - 3 chunks of flesh


   Skills:
 + Level 2.5 Fighting
 + Level 2.5 Short Blades
 + Level 2.5 Long Blades
 + Level 2.5 Axes
 + Level 2.5 Maces & Flails
 + Level 2.5 Polearms
 + Level 2.5 Staves
 + Level 2.5 Slings
 + Level 2.5 Bows
 + Level 2.5 Crossbows
 + Level 2.5 Throwing
 + Level 2.5 Armour
 + Level 5.3 Dodging
 + Level 4.9 Stealth
 + Level 2.5 Shields
 + Level 2.5 Unarmed Combat
 + Level 5.6 Spellcasting
 + Level 7.4 Conjurations
 + Level 2.1 Hexes
 + Level 2.1 Charms
 + Level 2.1 Summonings
 + Level 2.1 Necromancy
 + Level 2.1 Translocations
 + Level 2.1 Transmutations
 + Level 2.1 Fire Magic
 + Level 2.1 Ice Magic
 + Level 2.1 Air Magic
 + Level 2.1 Earth Magic
 + Level 2.1 Poison Magic
 + Level 2.8 Invocations
 + Level 2.5 Evocations


You had 6 spell levels left.
You knew the following spells:

 Your Spells              Type           Power        Failure   Level  Hunger
a - Magic Dart            Conj           ####         1%          1    None
b - Searing Ray           Conj           ####..       1%          2    None
c - Fulminant Prism       Conj/Hex       ###.......   17%         4    ####...
d - Call Imp              Summ           ##......     8%          2    None
z - Blink                 Tloc           N/A          8%          2    None

Your spell library contained the following spells:

 Spells                   Type           Power        Failure   Level  Hunger
 Conjure Flame            Conj/Fire      ####....     5%          3    ##.....
 Dazzling Flash           Conj/Hex       ###...       5%          3    ##.....
 Slow                     Hex            ##......     8%          2    None
 Mephitic Cloud           Conj/Pois/Air  ###.....     8%          3    ##.....
 Iskenderun's Mystic Bla  Conj/Tloc      ###.....     17%         4    ####...


Dungeon Overview and Level Annotations

Branches:
Dungeon (4/15)             Temple (0/1) D:4

Altars:
Ashenzari
Cheibriados
Kikubaaqudgha
Makhleb
Nemelex Xobeh

Annotations:
D:4 Duvessa


Innate Abilities, Weirdness & Mutations

Your experience applies equally to all skills.
You have very sharp teeth.
Your uncanny sense of smell can sniff out nearby items.


Message History

Duvessa hits you with a +0 short sword!
* * * LOW HITPOINT WARNING * * *
Duvessa completely misses you.
It was a potion of flight.
You feel very buoyant.
You fly up into the air.
It was a potion of degeneration.
There was something very wrong with that liquid.
You feel weakened.
You feel dopey.
You feel clumsy. Duvessa misses you.
It was a potion of might.
You feel very mighty all of a sudden. Duvessa hits you with a +0 short sword.
* * * LOW HITPOINT WARNING * * *
You hit Duvessa.
Duvessa is severely wounded.
You barely miss Duvessa.
Duvessa is severely wounded.
Duvessa hits you with a +0 short sword!
You die...

#.........# #...
#.........# #.##
#.........# #.#
#.........# #######.#
#.........# #.......#
#.........# #.......#
#.........####.......#
#............'.÷.....#
######@#######......##
#e# #......# #.#
#......# ∆ #.#
####...# . #.# #_###.#
.........# #.#
##.###.#
#e.....).###.#
##.(.##.#
#........e...#
#..#..#.#
........#####
#.###.#.##


You could see Duvessa.

Vanquished Creatures
  Sigmund (D:2)
  Menkaure (D:4)
  An orc warrior (D:4)
  A scorpion (D:4)
  Dowan (D:4)
  A hound (D:4)
  A worker ant (D:4)
  A hound skeleton (D:4)
  6 adders
  2 oozes
  A worm (D:2)
  2 dart slugs (D:3)
  A leopard gecko (D:4)
  9 orcs (D:4)
  2 ball pythons
  13 goblins
  12 hobgoblins
  3 jackals
  3 quokkas
  13 bats
  2 frilled lizards
  7 kobolds
  6 rats
90 creatures vanquished.

Vanquished Creatures (others)
  13 fulminant prisms (D:4)
13 creatures vanquished.

Grand Total: 103 creatures vanquished

Notes
Turn   | Place    | Note
-------+----------+-------------------------------------------
     0 | D:1      | Defined the Gnoll Conjurer began the quest for the Orb.
     0 | D:1      | Reached XP level 1. HP: 13/13 MP: 6/6
   204 | D:1      | Reached XP level 2. HP: 19/19 MP: 1/7
   455 | D:1      | Reached XP level 3. HP: 25/25 MP: 6/9
   493 | D:1      | Reached skill level 5 in Spellcasting
   855 | D:2      | Found a shattered altar of Ashenzari.
   953 | D:2      | Reached skill level 1 in Invocations
  1141 | D:2      | Noticed Sigmund
  1156 | D:2      | Learned a level 2 spell: Searing Ray
  1172 | D:2      | Killed Sigmund
  1172 | D:2      | Reached skill level 1 in Fighting
  1172 | D:2      | Reached skill level 1 in Short Blades
  1172 | D:2      | Reached skill level 1 in Long Blades
  1172 | D:2      | Reached skill level 1 in Axes
  1172 | D:2      | Reached skill level 1 in Maces & Flails
  1172 | D:2      | Reached skill level 1 in Polearms
  1172 | D:2      | Reached skill level 1 in Staves
  1172 | D:2      | Reached skill level 1 in Slings
  1172 | D:2      | Reached skill level 1 in Bows
  1172 | D:2      | Reached skill level 1 in Crossbows
  1172 | D:2      | Reached skill level 1 in Throwing
  1172 | D:2      | Reached skill level 1 in Armour
  1172 | D:2      | Reached skill level 1 in Shields
  1172 | D:2      | Reached skill level 1 in Unarmed Combat
  1172 | D:2      | Reached skill level 1 in Hexes
  1172 | D:2      | Reached skill level 1 in Charms
  1172 | D:2      | Reached skill level 1 in Summonings
  1172 | D:2      | Reached skill level 1 in Necromancy
  1172 | D:2      | Reached skill level 1 in Translocations
  1172 | D:2      | Reached skill level 1 in Transmutations
  1172 | D:2      | Reached skill level 1 in Fire Magic
  1172 | D:2      | Reached skill level 1 in Ice Magic
  1172 | D:2      | Reached skill level 1 in Air Magic
  1172 | D:2      | Reached skill level 1 in Earth Magic
  1172 | D:2      | Reached skill level 1 in Poison Magic
  1172 | D:2      | Reached skill level 1 in Evocations
  1172 | D:2      | Reached XP level 4. HP: 13/32 MP: 7/11
  1172 | D:2      | Reached XP level 5. HP: 15/37 MP: 7/12
  1314 | D:2      | Found an ancient bone altar of Kikubaaqudgha.
  1620 | D:3      | Learned a level 4 spell: Fulminant Prism
  1660 | D:3      | Reached XP level 6. HP: 44/44 MP: 8/13
  2179 | D:4      | Noticed Duvessa
  2179 | D:4      | Noticed Dowan
  2328 | D:4      | Noticed Menkaure
  2360 | D:4      | Killed Menkaure
  2360 | D:4      | Reached skill level 5 in Dodging
  2494 | D:4      | Noticed an orc warrior
  2498 | D:4      | HP: 1/44 [orc warrior/+0 halberd (16)]
  2499 | D:4      | Reached XP level 7. HP: 2/50 MP: 8/15
  3120 | D:4      | Found a staircase to the Ecumenical Temple.
  3325 | D:4      | Learned a level 2 spell: Blink
  3328 | D:4      | Learned a level 2 spell: Call Imp
  3365 | D:4      | Found a snail-covered altar of Cheibriados.
  3365 | D:4      | Found a faded altar of an unknown god.
  3376 | D:4      | Found a burning altar of Makhleb.
  3379 | D:4      | Found a sparkling altar of Nemelex Xobeh.
  3381 | D:4      | Found a faded altar of an unknown god.
  3447 | D:4      | Killed Dowan
  3471 | D:4      | Slain by Duvessa

Levels and vault maps discovered:
D:1:      giann_forest_graveyard, layout_basic
D:2:      layout_loops_cross, marbit_many_paths, nicolae_overflow_crystal_walls,
          first_ration, uniq_sigmund
D:3:      layout_rooms, eino_curves_02
D:4:      layout_basic, chequers_temple_overflow_minitemple, xom_redecorated,
          uniq_menkaure, uniq_duvessa

Skill      XL: |  1  2  3  4  5  6  7 |
---------------+----------------------+-----
Spellcasting   | 5 |  5.6
Invocations    | 1 2 |  2.8
Fighting       | 1 2 |  2.5
Short Blades   | 1 2 |  2.5
Long Blades    | 1 2 |  2.5
Axes           | 1 2 |  2.5
Maces & Flails | 1 2 |  2.5
Polearms       | 1 2 |  2.5
Staves         | 1 2 |  2.5
Slings         | 1 2 |  2.5
Bows           | 1 2 |  2.5
Crossbows      | 1 2 |  2.5
Throwing       | 1 2 |  2.5
Armour         | 1 2 |  2.5
Shields        | 1 2 |  2.5
Unarmed Combat | 1 2 |  2.5
Hexes          | 1 2 |  2.1
Charms         | 1 2 |  2.1
Summonings     | 1 2 |  2.1
Necromancy     | 1 2 |  2.1
Translocations | 1 2 |  2.1
Transmutations | 1 2 |  2.1
Fire Magic     | 1 2 |  2.1
Ice Magic      | 1 2 |  2.1
Air Magic      | 1 2 |  2.1
Earth Magic    | 1 2 |  2.1
Poison Magic   | 1 2 |  2.1
Evocations     | 1 2 |  2.5
Dodging        | 5 |  5.3
Stealth        | |  4.9
Conjurations   | |  7.4

Action                   |  1- 3 |  4- 6 |  7- 9 || total
-------------------------+-------+-------+-------++-------
Melee: Unarmed           |     2 |     6 |       ||     8
       Bite              |       |     2 |     5 ||     7
       Short sword       |       |    13 |    40 ||    53
       Punch             |       |       |     1 ||     1
 Cast: Magic Dart        |    59 |    59 |    27 ||   145
       Searing Ray       |     1 |     2 |       ||     3
       Fulminant Prism   |       |     5 |     8 ||    13
       Call Imp          |       |       |     2 ||     2
  Use: Scroll            |       |     3 |     2 ||     5
       Potion            |       |       |     4 ||     4
  Eat: Chunk             |     1 |     4 |     1 ||     6
       Ration            |       |       |     1 ||     1
Armor: Robe              |     1 |     4 |     2 ||     7
Dodge: Dodged            |     9 |    26 |    25 ||    60

Table legend:
 A = Non-vault XP
 B = Vault XP
 C = Vault XP percentage of total XP
 D = Non-vault monster count
 E = Vault monster count
 F = Vault count percentage of total count
                 A         B        C        D         E       F
            +---------+---------+-------+---------+---------+-------
      Total |     535 |     452 |  45.8 |      86 |       4 |   4.4
            +---------+---------+-------+---------+---------+-------
        D:1 |      48 |       0 |   0.0 |      27 |       0 |   0.0
        D:2 |      35 |     210 |  85.7 |      17 |       2 |  10.5
        D:3 |      72 |       0 |   0.0 |      21 |       0 |   0.0
        D:4 |     380 |     242 |  38.9 |      21 |       2 |   8.7
            +---------+---------+-------+---------+---------+-------
